ITL
DETROIT X-WINGS @ OTSEGO BULLDOGS
08/21/2027
 
TOP OF THE 1ST
Detroit X-Wings batting - Pitching for Otsego Bulldogs : LHP Júlio Gracía
Pitching: LHP Júlio Gracía
Batting: LHB Craig Kenney 0-0: Called Strike
0-1: Called Strike
0-2: Strikes out swinging
Batting: RHB Enrique Aguilar 0-0: Ball
1-0: Called Strike
1-1: Ball
2-1: Swinging Strike
2-2: Ball
3-2: Base on Balls
Batting: RHB Júlio Negrón 0-0: Called Strike
0-1: Foul Ball, location: 2F
0-2: Foul Ball, location: 2F
0-2: Fielders Choice at 2nd, 4-6 (Groundball, 4)
Batting: LHB Chris Loudermilk 0-0: Ball
1-0: Ball
2-0: Ball
3-0: Called Strike
3-1: Called Strike
3-2: Foul Ball, location: 2F
3-2: Base on Balls
Júlio Negrón to second
Batting: RHB Keith Sims 0-0: Swinging Strike
0-1: Ball
1-1: Ball
2-1: Fly out, F2 (Popup, 25)
Top of the 1st over - 0 run(s), 0 hit(s), 0 error(s), 2 left on base; Detroit 0 - Otsego 0
BOTTOM OF THE 1ST
Otsego Bulldogs batting - Pitching for Detroit X-Wings : RHP Felipe Téllez
Pitching: RHP Felipe Téllez
Batting: RHB Manuel Ortega 0-0: Ball
1-0: Called Strike
1-1: Ball
2-1: Ball
3-1: Called Strike
3-2: Base on Balls
Batting: RHB Armando Cuevas 0-0: Called Strike
0-1: Grounds into double play, 5-4-3 (Groundball, 56)
Batting: RHB Felipe Rodríguez 0-0: Ball
1-0: Fly out, F8 (Flyball, 8RD)
Bottom of the 1st over - 0 run(s), 0 hit(s), 0 error(s), 0 left on base; Detroit 0 - Otsego 0
TOP OF THE 2ND
Detroit X-Wings batting - Pitching for Otsego Bulldogs : LHP Júlio Gracía
Batting: RHB Gary Witt 0-0: Foul Ball, location: 2F
0-1: SINGLE (Groundball, 6D)
Batting: LHB Sergio Luna 0-0: Fielders Choice at 2nd, 1-4 (Groundball, 15S)
Batting: RHB Oliver Acevedo 0-0: Ball
1-0: Reached on error, E5 (Groundball, 5S)
Sergio Luna to third
Batting: SHB Felipe Detorres 0-0: Ball
1-0: Ball
2-0: Called Strike
2-1: Foul Ball, location: 2F
2-2: Fly out, F8 (Flyball, 89M)
Runner from 3rd tags up, SCORES, no throw
Batting: LHB Craig Kenney 0-0: Called Strike
0-1: Reached via error on a dropped throw, E3
Oliver Acevedo to third
Batting: RHB Enrique Aguilar 0-0: Called Strike
0-1: Ball
1-1: Ball
2-1: Ball
3-1: Foul Ball, location: 2F
3-2: Foul Ball, location: 2F
3-2: Foul Ball, location: 2F
3-2: Base on Balls
Craig Kenney to second
Batting: RHB Júlio Negrón 0-0: Ball
1-0: Called Strike
1-1: Swinging Strike
1-2: Strikes out swinging
Top of the 2nd over - 1 run(s), 1 hit(s), 2 error(s), 3 left on base; Detroit 1 - Otsego 0
BOTTOM OF THE 2ND
Otsego Bulldogs batting - Pitching for Detroit X-Wings : RHP Felipe Téllez
Batting: RHB Jorge Cisneros 0-0: Called Strike
0-1: Fly out, F2 (Popup, 5S)
Batting: RHB Cristo García 0-0: Ground out 1-3 (Groundball, 15)
Batting: RHB Ramiro Chávez 0-0: Ball
1-0: Foul Ball, location: 2F
1-1: Ground out 4-3 (Groundball, 34)
Bottom of the 2nd over - 0 run(s), 0 hit(s), 0 error(s), 0 left on base; Detroit 1 - Otsego 0
TOP OF THE 3RD
Detroit X-Wings batting - Pitching for Otsego Bulldogs : LHP Júlio Gracía
Batting: LHB Chris Loudermilk 0-0: Ball
1-0: Foul Ball, location: 2F
1-1: Foul Ball, location: 2F
1-2: Foul Ball, location: 2F
1-2: Ball
2-2: Foul Ball, location: 2F
2-2: Strikes out swinging
Batting: RHB Keith Sims 0-0: Ball
1-0: Called Strike
1-1: Ball
2-1: Called Strike
2-2: Ball
3-2: Fly out, F7 (Flyball, 78M)
Batting: RHB Gary Witt 0-0: Called Strike
0-1: Called Strike
0-2: Ball
1-2: Strikes out looking
Top of the 3rd over - 0 run(s), 0 hit(s), 0 error(s), 0 left on base; Detroit 1 - Otsego 0
BOTTOM OF THE 3RD
Otsego Bulldogs batting - Pitching for Detroit X-Wings : RHP Felipe Téllez
Batting: RHB Felipe Rego 0-0: Called Strike
0-1: Called Strike
0-2: Fly out, F9 (Flyball, 9)
Batting: RHB Kyung-bok Cho 0-0: Ball
1-0: Ball
2-0: Ball
3-0: Base on Balls
Batting: LHB Martin Davis 0-0: Ball
Kyung-bok Cho is caught stealing 2nd base
1-0: Swinging Strike
1-1: Ball
2-1: Fly out, F8 (Flyball, 8RS)
Bottom of the 3rd over - 0 run(s), 0 hit(s), 0 error(s), 0 left on base; Detroit 1 - Otsego 0
TOP OF THE 4TH
Detroit X-Wings batting - Pitching for Otsego Bulldogs : LHP Júlio Gracía
Batting: LHB Sergio Luna 0-0: Foul Ball, location: 2F
0-1: Ball
1-1: Called Strike
1-2: Strikes out swinging
Batting: RHB Oliver Acevedo 0-0: Ball
1-0: Foul Ball, location: 2F
1-1: SINGLE (Line Drive, 56D)
Batting: SHB Felipe Detorres 0-0: Called Strike
0-1: Ball
1-1: Foul Ball, location: 2F
1-2: Strikes out swinging
Batting: LHB Craig Kenney 0-0: Ball
1-0: Called Strike
1-1: Ball
2-1: Foul Ball, location: 2F
2-2: SINGLE (Groundball, 34D)
Oliver Acevedo to second
Runner from 2nd tries for 3rd, SAFE, no throw
Batting: RHB Enrique Aguilar 0-0: Ball
1-0: DOUBLE (Line Drive, 7LM)
Oliver Acevedo scores
Craig Kenney to third
Runner from 3rd tries for Home, SAFE, no throw
Batting: RHB Júlio Negrón 0-0: Ball
1-0: Ball
2-0: Ball
3-0: Called Strike
3-1: Called Strike
3-2: SINGLE (Groundball, 6MD)
Enrique Aguilar to third
Enrique Aguilar scores
Pitching: LHP Esteban Santos
Batting: LHB Chris Loudermilk 0-0: Ball
1-0: Ball
2-0: Ball
3-0: Base on Balls
Júlio Negrón to second
Batting: RHB Keith Sims 0-0: Ball
1-0: 3-RUN HOME RUN (Line Drive, 78XD), Distance : 401 ft
Batting: RHB Gary Witt 0-0: Swinging Strike
0-1: Called Strike
0-2: Foul Ball, location: 2F
0-2: Ball
1-2: Ball
2-2: Ball
3-2: Base on Balls
Batting: LHB Sergio Luna 0-0: Ball
1-0: Fielders Choice at 2nd, 4-6 (Groundball, 4)
Top of the 4th over - 6 run(s), 5 hit(s), 0 error(s), 0 left on base; Detroit 7 - Otsego 0
BOTTOM OF THE 4TH
Otsego Bulldogs batting - Pitching for Detroit X-Wings : RHP Felipe Téllez
Batting: RHB Manuel Ortega 0-0: Ball
1-0: Ball
2-0: Ball
3-0: Called Strike
3-1: Base on Balls
Batting: RHB Armando Cuevas Pickoff Throw to First - Out!
0-0: Ball
1-0: Ball
2-0: Ball
3-0: Base on Balls
Batting: RHB Felipe Rodríguez 0-0: Ball
1-0: 2-RUN HOME RUN (Flyball, 7LD), Distance : 349 ft
Batting: RHB Jorge Cisneros 0-0: Swinging Strike
0-1: Called Strike
0-2: Fly out, F6 (Popup, 6MD)
Batting: RHB Cristo García 0-0: SINGLE (Groundball, 56D)
Batting: RHB Ramiro Chávez 0-0: Called Strike
Cristo García steals 2nd base
0-1: Fly out, F9 (Flyball, 9LDF)
Bottom of the 4th over - 2 run(s), 2 hit(s), 0 error(s), 1 left on base; Detroit 7 - Otsego 2
TOP OF THE 5TH
Detroit X-Wings batting - Pitching for Otsego Bulldogs : LHP Esteban Santos
Batting: RHB Oliver Acevedo 0-0: Called Strike
0-1: Swinging Strike
0-2: Foul Ball, location: 2F
0-2: Ball
1-2: Foul Ball, location: 2F
1-2: Strikes out swinging
Batting: SHB Felipe Detorres 0-0: Ground out 5-3 (Groundball, 56S)
Batting: LHB Craig Kenney 0-0: Called Strike
0-1: Ground out 4-3 (Groundball, 4)
Top of the 5th over - 0 run(s), 0 hit(s), 0 error(s), 0 left on base; Detroit 7 - Otsego 2
BOTTOM OF THE 5TH
Otsego Bulldogs batting - Pitching for Detroit X-Wings : RHP Felipe Téllez
Batting: RHB Felipe Rego 0-0: Ball
1-0: Ball
2-0: DOUBLE (Flyball, 78XD)
Batting: RHB Kyung-bok Cho 0-0: Called Strike
0-1: Ball
1-1: SINGLE (Flyball, 9S)
Felipe Rego to third
Runner from 3rd tries for Home, throw and OUT!
Kyung-bok Cho to second
Batting: LHB Martin Davis 0-0: Ball
1-0: Called Strike
1-1: Ball
2-1: Fly out, F4 (Line Drive, 4MD)
Batting: RHB Manuel Ortega 0-0: Ball
1-0: Ball
2-0: Ball
3-0: Called Strike
3-1: Foul Ball, location: 2F
3-2: Base on Balls
Batting: RHB Armando Cuevas 0-0: Called Strike
0-1: Ball
1-1: Ball
2-1: Ball
3-1: Base on Balls
Kyung-bok Cho to third
Manuel Ortega to second
Batting: RHB Felipe Rodríguez 0-0: Ball
1-0: Called Strike
1-1: Ball
Wild Pitch!
Kyung-bok Cho scores
Manuel Ortega to third
Armando Cuevas to second
2-1: Ball
3-1: SINGLE (Line Drive, 4MD)
Manuel Ortega scores
Armando Cuevas to third
Batting: RHB Jorge Cisneros 0-0: Ball
1-0: DOUBLE (Groundball, 5L)
Armando Cuevas scores
Felipe Rodríguez to third
Runner from 3rd tries for Home, SAFE, throw made home
Pitching: LHP Richard Dorris
Batting: RHB Cristo García 0-0: Ball
1-0: Swinging Strike
1-1: Foul Ball, location: 2F
1-2: 2-RUN HOME RUN (Flyball, 7LD), Distance : 354 ft
Batting: RHB Ramiro Chávez 0-0: Ball
1-0: SOLO HOME RUN (Flyball, 7LD), Distance : 356 ft
Batting: RHB Felipe Rego 0-0: TRIPLE (Flyball, 9D)
Batting: RHB Kyung-bok Cho 0-0: Ball
1-0: Ball
2-0: Fly out, F9 (Flyball, 89D)
Bottom of the 5th over - 7 run(s), 7 hit(s), 0 error(s), 1 left on base; Detroit 7 - Otsego 9
TOP OF THE 6TH
Detroit X-Wings batting - Pitching for Otsego Bulldogs : LHP Esteban Santos
Pitching: LHP Mario Solíz
Batting: RHB Enrique Aguilar 0-0: Called Strike
0-1: Swinging Strike
0-2: Strikes out swinging
Batting: RHB Júlio Negrón 0-0: Foul Ball, location: 2F
0-1: Ball
1-1: SINGLE (Groundball, 6) (infield hit)
Batting: LHB Chris Loudermilk 0-0: Fielders Choice at 2nd, 4-6 (Groundball, 34)
Batting: RHB Keith Sims 0-0: Called Strike
0-1: Fly out, F9 (Flyball, 9S)
Top of the 6th over - 0 run(s), 1 hit(s), 0 error(s), 1 left on base; Detroit 7 - Otsego 9
BOTTOM OF THE 6TH
Otsego Bulldogs batting - Pitching for Detroit X-Wings : LHP Richard Dorris
Batting: LHB Martin Davis 0-0: Called Strike
0-1: Ball
1-1: Swinging Strike
1-2: Ball
2-2: Foul Ball, location: 2F
2-2: Fly out, F8 (Line Drive, 89M)
Batting: RHB Manuel Ortega 0-0: Ball
1-0: Fly out, F7 (Flyball, 7LM)
Batting: RHB Armando Cuevas 0-0: Ground out 4-3 (Groundball, 4)
Bottom of the 6th over - 0 run(s), 0 hit(s), 0 error(s), 0 left on base; Detroit 7 - Otsego 9
TOP OF THE 7TH
Detroit X-Wings batting - Pitching for Otsego Bulldogs : LHP Mario Solíz
Batting: RHB Gary Witt 0-0: Foul Ball, location: 2F
0-1: Ball
1-1: Ball
2-1: Fly out, F9 (Line Drive, 89M)
Batting: LHB Sergio Luna 0-0: Foul Ball, location: 2F
0-1: SINGLE (Groundball, 34S) (infield hit)
Batting: RHB Oliver Acevedo 0-0: Ball
1-0: Ball
2-0: Called Strike
2-1: Foul Ball, location: 2F
2-2: Strikes out swinging
Batting: SHB Felipe Detorres 0-0: Called Strike
0-1: Fielders Choice at 2nd, 6-4 (Groundball, 6)
Top of the 7th over - 0 run(s), 1 hit(s), 0 error(s), 0 left on base; Detroit 7 - Otsego 9
BOTTOM OF THE 7TH
Otsego Bulldogs batting - Pitching for Detroit X-Wings : LHP Richard Dorris
Pitching: RHP Art Kelley
Batting: RHB Felipe Rodríguez 0-0: Ball
1-0: Called Strike
1-1: Ball
2-1: Foul Ball, location: 2F
2-2: Foul Ball, location: 2F
2-2: Fly out, F8 (Flyball, 8LD)
Batting: RHB Jorge Cisneros 0-0: Called Strike
0-1: Ball
1-1: Swinging Strike
1-2: SINGLE (Line Drive, 56)
Pitching: LHP Mike O'Brien
Batting: RHB Cristo García 0-0: Called Strike
0-1: Ball
1-1: Grounds into double play, 4-6-3 (Groundball, 4)
Bottom of the 7th over - 0 run(s), 1 hit(s), 0 error(s), 0 left on base; Detroit 7 - Otsego 9
TOP OF THE 8TH
Detroit X-Wings batting - Pitching for Otsego Bulldogs : RHP Dave Johnston
Pitching: RHP Dave Johnston
Batting: LHB Craig Kenney 0-0: Ball
1-0: Ball
2-0: Ball
3-0: Base on Balls
Pitching: RHP Ricardo Trujillo
Batting: RHB Enrique Aguilar 0-0: Called Strike
0-1: Ball
1-1: Fly out, F9 (Flyball, 89M)
Batting: RHB Júlio Negrón 0-0: Foul Ball, location: 2F
0-1: Foul Ball, location: 2F
0-2: Foul Ball, location: 2F
0-2: Ball
1-2: Fly out, F8 (Flyball, 78M)
Batting: LHB Chris Loudermilk 0-0: Ball
1-0: Ball
2-0: Ball
3-0: Called Strike
3-1: Foul Ball, location: 2F
3-2: Strikes out swinging
Top of the 8th over - 0 run(s), 0 hit(s), 0 error(s), 1 left on base; Detroit 7 - Otsego 9
BOTTOM OF THE 8TH
Otsego Bulldogs batting - Pitching for Detroit X-Wings : LHP Mike O'Brien
Batting: RHB Ramiro Chávez 0-0: Foul Ball, location: 2F
0-1: Ball
1-1: Called Strike
1-2: Ball
2-2: Ball
3-2: Foul Ball, location: 2F
3-2: Strikes out looking
Pitching: RHP Lance Sanders
Batting: RHB Felipe Rego 0-0: Called Strike
0-1: Foul Ball, location: 2F
0-2: Foul Ball, location: 2F
0-2: Foul Ball, location: 2F
0-2: Foul Ball, location: 2F
0-2: Fly out, F8 (Flyball, 8RD)
Batting: RHB Kyung-bok Cho 0-0: Foul Ball, location: 2F
0-1: Ball
1-1: Ball
2-1: Foul Ball, location: 2F
2-2: Ground out 5-3 (Groundball, 5S)
Bottom of the 8th over - 0 run(s), 0 hit(s), 0 error(s), 0 left on base; Detroit 7 - Otsego 9
TOP OF THE 9TH
Detroit X-Wings batting - Pitching for Otsego Bulldogs : RHP Ricardo Trujillo
Pitching: RHP Kenshin Kubota
Batting: RHB Keith Sims 0-0: Ball
1-0: Foul Ball, location: 2F
1-1: Swinging Strike
1-2: Ball
2-2: Foul Ball, location: 2F
2-2: Ball
3-2: Base on Balls
Pinch Hitting: RHB Yoshihide Takahashi 0-0: Ball
1-0: Ball
2-0: Foul Ball, location: 2F
2-1: 2-RUN HOME RUN (Flyball, 78XD), Distance : 403 ft
Pitching: LHP Henry Barton
Pinch Hitting: RHB Domingo Ávila 0-0: Fly out, F2 (Popup, 3S)
Batting: RHB Oliver Acevedo 0-0: Ball
1-0: Ball
2-0: Called Strike
2-1: Ball
3-1: Foul Ball, location: 2F
3-2: Ground out 3-1 (Groundball, 34)
Batting: SHB Felipe Detorres 0-0: Foul Ball, location: 2F
0-1: Ball
1-1: Ball
2-1: Called Strike
2-2: Ground out 2-3 (Groundball, 2L)
Top of the 9th over - 2 run(s), 1 hit(s), 0 error(s), 0 left on base; Detroit 9 - Otsego 9
BOTTOM OF THE 9TH
Otsego Bulldogs batting - Pitching for Detroit X-Wings : RHP Lance Sanders
Pitching: RHP Domingo Rodríguez
Now at 3B: Domingo Ávila
Now in RF: Yoshihide Takahashi
Batting: LHB Martin Davis 0-0: Ground out 4-3 (Groundball, 4)
Pitching: RHP Charlie Alexander
Batting: RHB Manuel Ortega 0-0: Ball
1-0: Ball
2-0: SINGLE (Groundball, 56D)
Batting: RHB Armando Cuevas 0-0: Ball
1-0: Ball
2-0: Ball
3-0: Called Strike
3-1: Grounds into double play, 6-4-3 (Groundball, 6)
Bottom of the 9th over - 0 run(s), 1 hit(s), 0 error(s), 0 left on base; Detroit 9 - Otsego 9
TOP OF THE 10TH
Detroit X-Wings batting - Pitching for Otsego Bulldogs : LHP Henry Barton
Batting: LHB Craig Kenney 0-0: Called Strike
0-1: Called Strike
0-2: Fly out, F9 (Line Drive, 9D)
Batting: RHB Enrique Aguilar 0-0: Ball
1-0: Swinging Strike
1-1: Ball
2-1: Ball
3-1: Swinging Strike
3-2: Fly out, F7 (Flyball, 7D)
Batting: RHB Júlio Negrón 0-0: Foul Ball, location: 2F
0-1: Swinging Strike
0-2: Hit by Pitch
Batting: LHB Chris Loudermilk 0-0: Ball
1-0: Called Strike
Júlio Negrón steals 2nd base
1-1: Foul Ball, location: 2F
1-2: Reached on error, E6 (Groundball, 6)
Júlio Negrón scores
Batting: RHB Keith Sims 0-0: Fly out, F9 (Flyball, 9LM)
Top of the 10th over - 1 run(s), 0 hit(s), 1 error(s), 1 left on base; Detroit 10 - Otsego 9
BOTTOM OF THE 10TH
Otsego Bulldogs batting - Pitching for Detroit X-Wings : RHP Charlie Alexander
Now at 3B: Robby Lewis
Batting: RHB Felipe Rodríguez 0-0: Ball
1-0: Fly out, F8 (Flyball, 8RM)
Batting: RHB Jorge Cisneros 0-0: Foul Ball, location: 2F
0-1: Foul Ball, location: 2F
0-2: Ground out 3-1 (Groundball, 34)
Batting: RHB Cristo García 0-0: Ground out 5-3 (Groundball, 5)
Bottom of the 10th over - 0 run(s), 0 hit(s), 0 error(s), 0 left on base; Detroit 10 - Otsego 9
Thursday, March 30th, 2017 - OOTP Baseball 17.12 Build 75